 Dungeon Crawl Stone Soup version 0.24.0-125-gc4c63601f3 (console) character file.

Game seed: 1416705693579869004, levelgen mode: deterministic

1344 Kagalorn the Tainter (level 8, -2/51 HPs)
             Began as an Octopode Venom Mage on Mar 9, 2020.
             Slain by an orc
             ... wielding a +0 trident
              (7 damage)
             ... on level 7 of the Dungeon.
             The game lasted 00:19:35 (6871 turns).

Kagalorn the Tainter (Octopode Venom Mage)          Turns: 6871, Time: 00:19:36

Health: -2/51      AC:  1    Str:  7    XL:     8   Next: 62%
Magic:  4/12       EV: 14    Int: 19    God:
Gold:   284        SH:  0    Dex: 13    Spells: 10/13 levels left

rFire    . . .     SeeInvis .   a - +0 short sword (speed)
rCold    . . .     Gourm    .   (no shield)
rNeg     . . .     Faith    .   (helmet restricted)
rPois    .         Spirit   .   y - amulet of rage
rElec    .         Reflect  .   (no ring)
rCorr    .         Harm     .   (no ring)
MR       .....                  (no ring)
Stlth    ++++......             (no ring)
HPRegen  0.17/turn              (no ring)
MPRegen  0.13/turn              (no ring)
                                (no ring)
                                (no ring)

@: lethally poisoned (-2 -> -3), about to teleport
A: almost no armour, stealthy swim, amphibious, 8 rings, constrict 8, camouflage
1, gelatinous body 1
a: Evoke Berserk Rage


You were on level 7 of the Dungeon.
You were not hungry.

You visited 1 branch of the dungeon, and saw 7 of its levels.

You collected 284 gold pieces.

Inventory:

Hand Weapons
 a - a +0 short sword of speed (weapon)
 b - a +0 trident
 A - a +0 short sword of draining
Missiles
 e - 166 stones (quivered)
 g - 41 poisoned darts
 z - a throwing net
 D - 3 boomerangs of dispersal
 F - 5 boomerangs
Armour
 r - a +0 large shield
 E - a +0 buckler
Jewellery
 y - an amulet of rage (around mantle)
Wands
 l - a wand of iceblast (4)
 C - a wand of acid (10)
Scrolls
 h - 3 scrolls of teleportation
 k - 2 scrolls of amnesia {unknown}
 q - 2 scrolls of magic mapping {unknown}
 s - 7 scrolls of remove curse
 t - 2 scrolls of blinking {unknown}
 v - a scroll of enchant weapon {unknown}
 w - a scroll of fog {unknown}
 x - a scroll of random uselessness {unknown}
 B - a scroll of immolation {unknown}
Potions
 c - a potion of ambrosia {unknown}
 d - 2 potions of agility
 f - 2 potions of might {unknown}
 i - a potion of brilliance {unknown}
 m - a potion of invisibility
 n - 2 potions of resistance
 o - 3 potions of flight
 p - a potion of berserk rage
 u - 3 potions of curing
Comestibles
 j - 14 rations


   Skills:
 + Level 2.3 Fighting
 + Level 3.2 Dodging
 * Level 6.1 Stealth
 + Level 3.1 Spellcasting
 - Level 1.0 Conjurations
 - Level 10.0 Poison Magic
 + Level 2.5 Evocations


You had 10 spell levels left.
You knew the following spells:

 Your Spells              Type           Power        Failure   Level  Hunger
a - Sting                 Conj/Pois      ###.         1%          1    None
b - Poisonous Vapours     Pois/Air       ###...       3%          2    ##.....

Your spell library contained the following spells:

 Spells                   Type           Power        Failure   Level  Hunger
 Olgreb's Toxic Radiance  Pois           #####...     2%          4    ####...
 Mephitic Cloud           Conj/Pois/Air  ###.....     10%         3    ###....
 Venom Bolt               Conj/Pois      ###.......   41%         5    ######.


Dungeon Overview and Level Annotations

Branches:
Dungeon (7/15)             Temple (0/1) D:5

Altars:
Ashenzari
Dithmenos
Gozag
Hepliaklqana
Okawaru
Trog
Wu Jian

Annotations:
D:4 exclusions: phantom and wyvern
D:5 exclusion: centaur
D:6 exclusions: ice beast, necrophage and phantom


Innate Abilities, Weirdness & Mutations

You cannot wear most types of armour.
You are very stealthy in the water. (Stealth+)
You are amphibious.
You can wear up to eight rings at the same time.
You can use your tentacles to constrict eight enemies at once.
Your skin changes colour to match your surroundings (Stealth+).
Your rubbery body absorbs attacks. (AC +1, EV +1)


Message History

You feel sick.
Things that are here:
a +0 short sword; a poisoned dart; a kobold corpse You feel sick.
Things that are here:
4 poisoned darts; a stone
e - 166 stones (gained 1)
You feel sick.
The orc shouts!
The gnoll shouts!
You hear a shout!
You feel sick.
The kobold shouts!
You hear a shout!
The kobold throws a poisoned dart.
The poisoned dart barely misses you. The orc closely misses you.
An orc warrior comes into view. It is wielding a +0 mace.
You see here a poisoned dart.
The orc misses you.
As you read the scroll of teleportation, it crumbles to dust.
You feel strangely unstable.
You feel sick.
The orc hits you from afar with a +0 trident!
You die...

#.....K...##.....##.###......
#...(....g#.......#†# #......
#......(..#...K..(#.# ####...
########..o..._.....# ###.
#..#.K.....#.# #.
#..#.......#g# #.
#..##.....##†# ##
#..####o####)# #....@g(...(.#
#.....(####### ########


You could see a gnoll and an orc.

Vanquished Creatures
  A sky beast (D:5)
  A centaur (D:6)
  An ogre (D:5)
  A big kobold (D:7)
  Blork the orc (D:6)
  A gnoll sergeant (D:4)
  A bullfrog (D:6)
  2 scorpions
  4 orc priests
  2 bullfrog skeletons
  A hound (D:4)
  An orc wizard (D:6)
  Terence (D:3)
  An iguana (D:4)
  7 worker ants
  7 adders
  6 gnolls
  A shadow imp (D:6)
  2 oozes (D:4)
  An adder skeleton (D:5)
  A worm (D:4)
  2 dart slugs
  5 leopard geckos
  17 orcs
  5 giant cockroaches
  11 goblins
  10 hobgoblins
  10 jackals
  12 kobolds
  5 quokkas
  13 bats
  4 frilled lizards
  A jackal skeleton (D:6)
  A leopard gecko skeleton (D:7)
  A leopard gecko zombie (D:5)
  A quokka skeleton (D:5)
  7 rats
149 creatures vanquished.

Notes
Turn   | Place    | Note
-------+----------+-------------------------------------------
     0 | D:1      | Kagalorn the Octopode Venom Mage began the quest for the
                  | Orb.
     0 | D:1      | Reached XP level 1. HP: 11/11 MP: 3/3
    53 | D:1      | Reached skill level 4 in Poison Magic
    89 | D:1      | Reached XP level 2. HP: 13/17 MP: 5/5
   290 | D:1      | Learned a level 2 spell: Poisonous Vapours
   521 | D:1      | Reached XP level 3. HP: 16/21 MP: 3/6
   559 | D:1      | Reached skill level 5 in Poison Magic
   916 | D:2      | Reached XP level 4. HP: 26/27 MP: 7/7
   979 | D:2      | Found a shadowy altar of Dithmenos.
   979 | D:2      | Found an ornate altar of the Wu Jian Council.
  1247 | D:2      | Reached skill level 6 in Poison Magic
  1667 | D:3      | Noticed Terence
  1679 | D:3      | Killed Terence
  1679 | D:3      | Reached XP level 5. HP: 31/31 MP: 0/8
  1783 | D:3      | Reached skill level 7 in Poison Magic
  2045 | D:3      | Found a bloodstained altar of Trog.
  2045 | D:3      | Found an iron altar of Okawaru.
  2417 | D:4      | Noticed a phantom
  2544 | D:4      | Noticed a wyvern
  2583 | D:4      | Reached XP level 6. HP: 27/36 MP: 9/9
  2593 | D:4      | Reached skill level 8 in Poison Magic
  2794 | D:4      | Found a shattered altar of Ashenzari.
  2922 | D:5      | Entered Level 5 of the Dungeon
  3114 | D:5      | Reached skill level 9 in Poison Magic
  3345 | D:4      | Reached XP level 7. HP: 23/41 MP: 6/10
  4125 | D:5      | Reached skill level 10 in Poison Magic
  4474 | D:5      | Reached skill level 1 in Evocations
  4503 | D:5      | Found an opulent altar of Gozag.
  4553 | D:5      | Found a staircase to the Ecumenical Temple.
  4560 | D:5      | Reached skill level 1 in Fighting
  5339 | D:6      | Reached XP level 8. HP: 40/48 MP: 5/11
  5751 | D:6      | Reached skill level 5 in Stealth
  5927 | D:6      | Noticed Blork the orc
  5932 | D:6      | Killed Blork the orc
  6769 | D:7      | Found a hazy altar of Hepliaklqana.
  6871 | D:7      | Slain by an orc

Levels and vault maps discovered:
D:1:      nicolae_arrival_memento_mori, layout_loops_ring,
          minmay_misc_feat_nine_boxes, minivault_14, minmay_crystal_water
D:2:      layout_basic, gammafunk_temple_overflow_elements, serial_glass,
          glass_columns_b, glass_columns_a, minmay_vboxes, uniq_natasha
D:3:      minmay_evil_eye, layout_basic, grunt_temple_overflow_open,
          first_ration, grunt_ministairs_10, uniq_terence
D:4:      layout_loops_ring, kennysheep_little_box, minmay_manual_macuahuitl
D:5:      layout_layer_cave, minmay_temple_entry_proselytizer, basic_altar
D:6:      layout_loops_ring, kennysheep_generic_room_9, uniq_blork_the_orc
D:7:      layout_basic, old_standard_altar, nicolae_ossuary_entry_catacombs

Skill      XL: |  1  2  3  4  5  6  7  8 |
---------------+-------------------------+-----
Poison Magic   | 4 5 6 7 9 10 | 10.0
Stealth        | 4 6 |  6.1
Evocations     | 1 2 |  2.5
Fighting       | 1 2 |  2.3
Dodging        | 3 |  3.2
Spellcasting   | 3 |  3.1
Conjurations   | |  1.0

Action                   |  1- 3 |  4- 6 |  7- 9 || total
-------------------------+-------+-------+-------++-------
Melee: Unarmed           |    45 |       |       ||    45
       Constrict         |    13 |    28 |    15 ||    56
       Tentacles         |    12 |    16 |    14 ||    42
       Short sword       |    27 |   113 |    79 ||   219
 Cast: Sting             |    15 |    15 |     5 ||    35
       Poisonous Vapours |     7 |    40 |    78 ||   125
  Use: Scroll            |       |     6 |     4 ||    10
       Potion            |       |     1 |       ||     1
 Stab: Sleeping          |     7 |     5 |     5 ||    17
  Eat: Chunk             |     1 |    10 |    12 ||    23
       Ration            |       |       |     1 ||     1
Armor: Skin              |    11 |    11 |     4 ||    26
Dodge: Dodged            |    73 |    68 |    69 ||   210
